 Dungeon Sprint DCSS version 0.14-a0-3109-ga7442b6 (webtiles) character file.

900000 BluebellGnoll the Blinker (level 12, -32/81 HPs)
             Began as a Tengu Warper on Mar 7, 2014.
             Was a Follower of Makhleb.
             Annihilated by a meat berserker
             ... wielding a +9,+9 battleaxe
              (66 damage)
             ... in the Dungeon (Sprint VIII: "Arena of Blood").
             The game lasted 00:00:33 (9 turns).

BluebellGnoll the Blinker (Tengu Warper)               Turns: 9, Time: 00:00:33

HP -32/81        AC  3     Str 12      XL: 12   Next: 85%
MP   2/32        EV 18     Int 18      God: Makhleb [*.....]
Gold 0           SH  0     Dex 14      Spells:  1 memorised, 33 levels left

rFire  . . .     SeeInvis .     m - +∞ Axe of Woe
rCold  . . .     Clarity  .     b - +0 leather armour
rNeg   . . .     Conserve .     (no shield)
rPois  .         rCorr    .     (helmet restricted)
rElec  .         rRot     .     (no cloak)
SustAb . .       Spirit   .     (no gloves)
rMut   .         Warding  .     (boots unavailable)
Saprov . . .     NoTele   +     (no amulet)
MR     .....                    (no ring)
                                (no ring)

@: not resistant to hostile enchantments, unstealthy
A: able to fly, beak, talons 3
a: Fly, Renounce Religion


You were in the Dungeon.
You worshipped Makhleb.
Makhleb was aware of your devotion.
You were not hungry.

You visited 1 branch

Inventory:

Hand weapons
 a - a +0,+0 hand axe
 m - the +∞,+∞ Axe of Woe (weapon)
   (You found it in the Dungeon)
Missiles
 e - 15 darts (quivered)
 f - 10 darts of dispersal
Armour
 b - a +0 leather armour (worn)
Comestibles
 g - a bread ration
Scrolls
 d - 2 scrolls of blinking
Potions
 h - a potion of curing
 i - a potion of heal wounds
 j - a potion of speed
 k - 2 potions of magic
 l - a potion of berserk rage
Books
 c - a book of Spatial Translocations

   Spells                             Type                      Level
   *Apportation                       Translocation                1
   Blink                              Translocation                2
   Shroud of Golubria                 Charms/Translocation         2
   Portal Projectile                  Translocation                3
   Teleport Other                     Translocation                3
   Passage of Golubria                Translocation                4


   Skills:
 + Level 11.9 Fighting
 + Level 12.6 Axes
 + Level 5.3 Throwing
 + Level 3.8 Armour
 + Level 12.2 Dodging
 + Level 11.9 Spellcasting
 + Level 18.1 Translocations


You had 33 spell levels left.
You knew the following spells:

 Your Spells              Type           Power        Failure   Level  Hunger
a - Apportation           Tloc           ######....   0%          1    None


Dungeon Overview and Level Annotations

Branches:
Dungeon (1/1)

Altars:
Makhleb


Innate Abilities, Weirdness & Mutations

You can fly.
You have a beak for a mouth.
You have claws for feet.


Message History

You slice the meat berserker!!
You chop the meat berserker into pieces.
You kill the meat berserker!
Makhleb accepts your kill.
You can now gain health from killing.
Your Fighting skill increases to level 11!
Your Axes skill increases to level 12!
Your Throwing skill increases to level 5!
Your Dodging skill gained 2 levels and is now at level 12!
Your Spellcasting skill increases to level 11!
Your Translocations skill gained 3 levels and is now at level 18!
You have reached level 12!
Your experience leads to an increase in your attributes!
Increase (S)trength, (I)ntelligence, or (D)exterity?
You feel clever.
You feel stronger.
You hear a shout!
The bag of meat moves out of view.
You hear a shout!
The meat berserker hits you with a +9,+9 battleaxe!
Ouch! That really hurt!
You die...

#.. ...# #.. ...#
.###.. ...###.
......###.......
....._..... ...
#.....# .... .
#_.<._# .....
.....#.....#......#
..o....._@O...O....
.......###O........
.###.. ...###...
#.. ....# . #.
....o# ........o
....O....o ........
...


You could see 3 meat berserkers and 4 bags of meat.

Vanquished Creatures
  An ogre (D)
  An orc (D)
2 creatures vanquished.

Notes
Turn   | Place    | Note
--------------------------------------------------------------
     0 | D        | BluebellGnoll, the Tengu Warper, began the quest for the Orb.
     0 | D        | Reached XP level 1. HP: 12/12 MP: 3/3
     3 | D        | Noticed a bag of meat
     4 | D        | Became a worshipper of Makhleb the Destroyer
     5 | D        | Noticed a bag of meat
     6 | D        | Noticed a meat berserker
     7 | D        | Noticed a meat berserker
     7 | D        | Noticed a meat berserker
     8 | D        | Noticed a bag of meat
     8 | D        | Killed a bag of meat
     8 | D        | Reached skill level 10 in Fighting
     8 | D        | Reached skill level 11 in Axes
     8 | D        | Reached skill level 10 in Dodging
     8 | D        | Reached skill level 10 in Spellcasting
     8 | D        | Reached skill level 15 in Translocations
     8 | D        | Reached XP level 2. HP: 14/28 MP: 2/17
     8 | D        | Reached XP level 3. HP: 16/33 MP: 2/19
     8 | D        | Reached XP level 4. HP: 18/38 MP: 2/21
     8 | D        | Reached XP level 5. HP: 20/43 MP: 2/23
     8 | D        | Reached XP level 6. HP: 22/48 MP: 2/25
     8 | D        | Reached XP level 7. HP: 24/53 MP: 2/26
     8 | D        | Reached XP level 8. HP: 26/58 MP: 2/28
     8 | D        | Reached XP level 9. HP: 28/63 MP: 2/29
     8 | D        | Reached XP level 10. HP: 30/68 MP: 2/29
     8 | D        | Reached XP level 11. HP: 32/73 MP: 2/31
     9 | D        | Noticed a meat berserker
     9 | D        | Noticed a bag of meat
     9 | D        | Noticed a bag of meat
     9 | D        | Killed a meat berserker
     9 | D        | Acquired Makhleb's first power
     9 | D        | Reached skill level 5 in Throwing
     9 | D        | Reached skill level 18 in Translocations
     9 | D        | Reached XP level 12. HP: 34/81 MP: 2/32
     9 | D        | Annihilated by a meat berserker

Action                   |  1- 3 |  4- 6 |  7- 9 | 10-12 || total
-------------------------+-------+-------+-------+-------++-------
Melee: Executioner's axe |     1 |       |       |     1 ||     2
